 Dungeon Crawl Stone Soup version 0.30.1-11-g7821555f0a (webtiles) character file.

Game seed: 12398698602652023201

28 MrIGI the Shield-Bearer (level 2, -2/29 HPs)
             Began as a Troll Fighter on Dec 22, 2023.
             Killed by divine providence
             ... invoked by an orc priest
              (12 damage)
             ... on level 2 of the Dungeon.
             The game lasted 00:01:51 (1019 turns).

MrIGI the Shield-Bearer (Troll Fighter)             Turns: 1019, Time: 00:01:51

Health: -2/29      AC:  4    Str: 23    XL:     2   Next: 96%
Magic:  1/1        EV:  8    Int:  4    God:
Gold:   13         SH:  7    Dex:  9    Spells: 1/1 levels left

rFire   . .          .
                       - Unarmed
rCold   . . .        b - +0 kite shield
rNeg    . . .        a - +0 robe
rPois   .            (helmet restricted)
rElec   .            (no cloak)
rCorr   .            (gloves unavailable)
SInv    .            (boots unavailable)
Will    .....        (no amulet)
Stlth   +            (no ring)
HPRegen 1.04/turn    (no ring)
MPRegen 0.07/turn

%: no passive effects
@: no status effects
A: large, unfitting armour, claws 3, regeneration 1, shaggy fur 1, tough skin 1
a: no special abilities


You were on level 2 of the Dungeon.
You visited 1 branch of the dungeon, and saw 2 of its levels.

You collected 13 gold pieces.

Inventory:

Armour
 a - a +0 robe (worn)
 b - a +0 kite shield (worn)
 d - an orb of guile
Scrolls
 e - 3 scrolls of identify {unknown}
 f - a scroll of noise {unknown}
 g - 2 scrolls of teleportation {unknown}
 h - a scroll of fear {unknown}
 k - a scroll of fog {unknown}
Potions
 c - 2 potions of might
 i - a potion of magic {unknown}
 j - 2 potions of brilliance {unknown}


   Skills:
 + Level 2.6 Fighting
 + Level 2.6 Dodging
 + Level 2.9 Shields
 * Level 2.6 Unarmed Combat


You had one spell level left.
You didn't know any spells.
Your spell library contained the following spells:

 Spells                   Type           Power      Damage    Failure   Level
 Shock                    Conj/Air       0%         1d3       78%         1
 Swiftness                Air            0%         N/A       98%         3
 Airstrike                Air            0%         2d(0-16)  100%        4


Dungeon Overview and Level Annotations

Branches:
Dungeon (2/15)

Altars:


Innate Abilities, Weirdness & Mutations

You are too large for most types of armour.
You have claws for hands.
Your natural rate of healing is unusually fast.
You are covered in fur. (AC +1)
You have tough skin. (AC +1)


Message History

An orc comes into view. It is wielding a +0 mace.
The orc shouts!
A rat comes into view.
An orc wizard comes into view. It is wielding a +0 dagger.
Found a stone staircase leading down.
The orc wizard shouts!
The orc hits you but does no damage.
The orc priest hits you with a +0 short sword.
You closely miss the orc priest. You block the orc's attack.
You completely miss the orc wizard. The orc hits you with a +0 mace!
You scratch the orc wizard.
The orc wizard is moderately wounded.
The orc closely misses you.
The orc wizard hits you but does no damage.
The orc priest miscasts a cantrip.
The orc wizard mumbles some strange words.
The orc wizard flickers and vanishes!
Deactivating autopickup; reactivate with Ctrl-A.
You closely miss something. The orc hits you with a +0 mace.
Something hits you but does no damage.
You closely miss something. Something hits you but does no damage.
The orc hits you with a +0 mace.
The orc priest hits you but does no damage.
You closely miss something. Something hits you but does no damage.
You block the orc's attack.
The orc priest hits you but does no damage.
You barely miss something. You block the rat's attack.
The orc hits you but does no damage.
The orc priest hits you but does no damage.
Something hits you but does no damage.
You scratch the orc priest but do no damage.
The rat bites you. You block the orc's attack.
Something hits you but does no damage.
The orc priest hits you with a +0 short sword.
You scratch the orc priest but do no damage.
The rat bites you but does no damage. The orc hits you with a +0 mace!
Something hits you.
The orc priest invokes the aid of Beogh against you.
Beogh smites you!
You die...

................#
................# #
######....###.###.####
#...............#
#...#####.##.##.#
#.^.# #.# #...#####.#
#.........# ..####o@#
#ro{...... .....#.#...
>.##.#.. # ## .. ...
... #..# #.. ..# #..
..#


You could see an orc priest, an orc and a rat.

Vanquished Creatures
  A dart slug (D:1)
  2 endoplasms
  A giant cockroach (D:2)
  5 goblins
  4 hobgoblins
  A kobold (D:2)
  2 ball pythons (D:1)
  2 bats (D:1)
  3 frilled lizards (D:1)
  2 rats (D:1)
23 creatures vanquished.

Notes
Turn   | Place    | Note
-------+----------+-------------------------------------------
     0 | D:1      | MrIGI the Troll Fighter began the quest for the Orb.
     0 | D:1      | Reached XP level 1. HP: 22/22 MP: 0/0
   219 | D:1      | Reached XP level 2. HP: 29/29 MP: 1/1
   486 | D:1      | Found a faded altar of an unknown god.
  1019 | D:2      | Killed from afar by an orc priest

Illustrated notes

Levels and vault maps discovered:
D:1:      amcnicky_arrival_choice, layout_basic,
          shapermc_ecumenical_altar_notcrosses, st_stairs_14,
          supply_closet_lemuel
D:2:      layout_loops_cross

Action                     || total
---------------------------++-------
  Melee: Unarmed           ||    72
 Armour: Robe              ||    32
  Dodge: Dodged            ||    19
  Block: Kite shield       ||    21
